 Dungeon Crawl Stone Soup version 0.19-a0-1672-g679cadd (webtiles) character file.

196 Amnesiac the Charlatan (level 5, -5/37 HPs)
             Began as a Mummy Artificer on Sept 23, 2016.
             Killed from afar by an orc wizard (13 damage)
             ... with a puff of flame
             ... on level 4 of the Dungeon.
             The game lasted 00:02:35 (2075 turns).

Amnesiac the Charlatan (Mummy Artificer)            Turns: 2075, Time: 00:02:36

Health: -5/37      AC:  5    Str: 15    XL:     5   Next: 46%
Magic:  8/8        EV: 11    Int: 10    God:
Gold:   13         SH:  0    Dex: 14    Spells: 0 memorised, 4 levels left

rFire  x . .     SeeInvis .     g - +0 trident
rCold  + . .     Gourm    .     i - +0 ring mail
rNeg   + + +     Faith    .     (no shield)
rPois  ∞         Spirit   .     (no helmet)
rElec  .         Dismiss  .     (no cloak)
rCorr  +         Reflect  .     (no gloves)
MR     .....     Harm     .     (no boots)
Stlth  +.........               (no amulet)
                                (no ring)
                                f - ring of resist corrosion

@: no status effects
A: no food or potions, fire vulnerability, cold resistance 1, negative energy
resistance 3, torment resistance, unbreathing
a: no special abilities


You were on level 4 of the Dungeon.
You were not hungry.

You visited 1 branch of the dungeon, and saw 4 of its levels.

You collected 13 gold pieces.

Inventory:

Hand Weapons
 a - a +0 short sword
 g - a +0 trident (weapon)
Armour
 i - a +0 ring mail (worn)
Jewellery
 f - a ring of resist corrosion (left hand)
Wands
 c - a wand of flame (15/48)
 d - a wand of enslavement (13/24)
 e - a wand of random effects (13/48)
Scrolls
 h - a scroll of enchant weapon {unknown}


   Skills:
 - Level 1.0 Fighting
 - Level 0.7 Short Blades
 - Level 1.5 Dodging
 - Level 0.7 Stealth
 + Level 5.1 Evocations


You had 4 spell levels left.
You didn't know any spells.

Dungeon Overview and Level Annotations

Branches:
Dungeon (4/15)
 Temple: D:4-7

Altars:
Trog
The Shining One

Shops:
D:4 [

Annotations:
D:4 Ankalagon's ghost, amateur TeCK


Innate Abilities, Weirdness & Mutations

You do not eat or drink.
Your flesh is vulnerable to fire.
You are immune to poison.
Your flesh is cold resistant. (rC+)
You are immune to negative energy. (rN+++)
You are immune to unholy pain and torment.
You can survive without breathing.


Message History

The quokka closely misses you. The worker ant barely misses you.
There is an open door here.
The orc wizard mumbles some strange words.
Evoke which item? (* to show all) (? for menu, Esc to quit)
Zapping:
d - a wand of enslavement (15/24)
Press: ? - help, Shift-Dir - straight line, f - orc wizard
Aim: an orc wizard, wielding a dagger and wearing a robe (fast, chance to defeat MR: 56%)
The orc wizard resists with significant effort.
This wand has 14 charges left.
The orc wizard closely misses you.
Evoke which item? (* to show all) (? for menu, Esc to quit)
Zapping:
d - a wand of enslavement (14/24)
Press: ? - help, Shift-Dir - straight line, f/p - orc wizard
Aim: an orc wizard, wielding a dagger and wearing a robe (fast, chance to defeat MR: 56%)
The orc wizard resists with significant effort.
This wand has 13 charges left.
The orc wizard barely misses you. The orc wizard misses you.
The orc wizard casts a spell at you. The puff of flame hits you!
The fire burns you terribly!
You die...

....#...+ .#######........
....#...#.. #.....#........
....#'###... #.....'........
###..........#.....#........
..#..........#.....#........
..'..........#+#####.....###
..#..........#...or#.....#
..#..........'...o.oWo...#
###..........##.@###a....#
....#####.... #..#.......#
....'...#... #..#.......#
....#...# #..#...oo..#
(...#...# #..+.......#
....#...# ####.......#
....#...# #........
....#...# +.........
[...#...# #..........


You could see an orc wizard, Ankalagon's ghost, 3 orcs and a quokka.

Vanquished Creatures
  A scorpion (D:4)
  A centaur skeleton (D:4)
  An iguana (D:4)
  2 worker ants (D:4)
  2 worms
  A leopard gecko (D:4)
  8 orcs (D:3)
  4 giant cockroaches
  A goblin (D:3)
  A hobgoblin (D:3)
  5 jackals
  A quokka (D:4)
  A kobold (D:3)
29 creatures vanquished.

Notes
Turn   | Place    | Note
-------+----------+-------------------------------------------
     0 | D:1      | Amnesiac the Mummy Artificer began the quest for the Orb.
     0 | D:1      | Reached XP level 1. HP: 15/15 MP: 2/2
    49 | D:3      | Found a bloodstained altar of Trog.
   530 | D:3      | Reached XP level 2. HP: 18/21 MP: 4/4
   534 | D:3      | Reached skill level 3 in Evocations
   972 | D:3      | Reached XP level 3. HP: 11/26 MP: 5/5
  1288 | D:4      | Reached skill level 4 in Evocations
  1298 | D:4      | Noticed Ankalagon's ghost (amateur TeCK)
  1604 | D:4      | Reached XP level 4. HP: 27/32 MP: 7/7
  1652 | D:4      | Found a glowing golden altar of the Shining One.
  1751 | D:4      | Found Laitwux's Antique Armour Shop.
  1886 | D:4      | Reached XP level 5. HP: 34/37 MP: 8/8
  1943 | D:4      | Reached skill level 5 in Evocations
  2075 | D:4      | Killed from afar by an orc wizard

Vault maps used:
D:1:      dpeg_arrival_refuge, minmay_misc_feat_room
D:2:      minmay_pentomino_z2
D:3:      trog_butcher_becter, uniq_terence
D:4:      nicolae_tso_carved_into_rock, serial_shops, shop_statue,
          minmay_checkerbox

Skill      XL: |  1  2  3  4  5 |
---------------+----------------+-----
Evocations     | 3 4 5 |  5.1
Fighting       | |  1.0
Short Blades   | |  0.7
Dodging        | |  1.5
Stealth        | |  0.7

Action                   |  1- 3 |  4- 6 || total
-------------------------+-------+-------++-------
Melee: Trident           |   125 |    37 ||   162
       Short sword       |     5 |       ||     5
Evoke: Wand              |       |     4 ||     4
 Stab: Sleeping          |     1 |       ||     1
Armor: Leather armour    |     4 |       ||     4
       Ring mail         |    27 |    13 ||    40
Dodge: Dodged            |    98 |    28 ||   126
